 Dungeon Crawl Stone Soup version 0.20.0-7-g3b7b877 (webtiles) character file.

92 pappabj0rn the Slasher (level 4, 0/40 HPs)
             Began as a Minotaur Monk on May 29, 2017.
             Succumbed to a kobold's poison
             ... on level 2 of the Dungeon.
             The game lasted 00:23:59 (1534 turns).

pappabj0rn the Slasher (Minotaur Monk)              Turns: 1534, Time: 00:23:59

Health: 0/40       AC:  5    Str: 15    XL:     4   Next: 35%
Magic:  3/3        EV: 13    Int:  8    God:
Gold:   97         SH:  0    Dex: 13    Spells: 3/3 levels left

rFire    . . .     SeeInvis .   u - +1 dagger (vamp)
rCold    . . .     Gourm    .   (no shield)
rNeg     . . .     Faith    .   o - +0 leather armour
rPois    .         Spirit   .   m - +2 hat
rElec    .         Reflect  .   (no cloak)
rCorr    .         Harm     .   (no gloves)
MR       .....                  (no boots)
Stlth    ++........             (no amulet)
Regen    0.2/turn               (no ring)
MPRegen  0.1/turn               (no ring)

@: lethally poisoned (0 -> 0), flying
A: retaliatory headbutt, horns 2, mutation resistance 1
a: no special abilities


You were on level 2 of the Dungeon.
You were not hungry.

You visited 1 branch of the dungeon, and saw 2 of its levels.

You collected 97 gold pieces.

Inventory:

Hand Weapons
 a - a +0 falchion
 f - a +0 dagger
 g - a +0 dagger
 k - a +0 hand axe
 l - a +0 dagger
 t - a cursed -3 dagger
 u - a +1 vampiric dagger (weapon)
Missiles
 e - 26 stones (quivered)
 p - 2 tomahawks
Armour
 b - a +0 robe
 m - a +2 hat (worn)
 o - a +0 leather armour (worn)
 q - a +0 leather armour
Wands
 d - a wand of polymorph (12/24)
Scrolls
 h - 2 scrolls of identify
 n - a scroll of random uselessness
 v - a scroll of enchant armour {unknown}
 w - a scroll of teleportation {unknown}
Comestibles
 i - 4 fruits


   Skills:
 + Level 4.1 Fighting
 + Level 4.5 Long Blades
 + Level 0.8 Throwing
 + Level 0.8 Armour
 + Level 4.3 Dodging
 + Level 1.8 Stealth


You had 3 spell levels left.
You didn't know any spells.

Dungeon Overview and Level Annotations

Branches:
Dungeon (2/15)

Altars:
Yredelemnul


Innate Abilities, Weirdness & Mutations

You reflexively headbutt those who attack you in melee.
You have a pair of horns on your head.
You are somewhat resistant to further mutation.


Message History

It is a scroll of identify.
n - a scroll of random uselessness You feel sick.
The gnoll misses you. The gnoll hits you with a dagger.
* * * LOW HITPOINT WARNING * * *
The gnoll barely misses you.
As you read the scroll labeled CYINOTI RUSHASH, it crumbles to dust.
The scroll dissolves into smoke.
It was a scroll of fog.
The gnoll completely misses you. The gnoll misses you.
The gnoll completely misses you. The gnoll closely misses you.
* * * LOW HITPOINT WARNING * * *
You feel sick.
You see here a poisoned needle.
You see here 3 poisoned needles.
* * * LOW HITPOINT WARNING * * *
You feel sick. The gnoll barely misses you. You furiously retaliate!
You headbutt the gnoll.
* * * LOW HITPOINT WARNING * * *
You feel sick.
You die...

.# #.##..P.P...#.##
#.## .#
#.##..._....... .. .#
#.# .P.P.....# # ##
#.# ........# #.#
#§.§§§.# #.# #§g§§.#
#.# #§g§§.#######
#.#######§§§§§#......
#...@...#§g§§§#.#####
#######g#§.§§§#.#
#.#§(§§.#.#
#.##(.#.#.#####
#.g.g...#......
#.###.#.#.##### ###
######


You could see a gnoll.

Vanquished Creatures
  A gnoll (D:2)
  3 adders (D:2)
  An ooze (D:1)
  A dart slug (D:1)
  3 leopard geckos
  A ball python (D:2)
  A giant cockroach (D:1)
  6 goblins (D:1)
  4 hobgoblins
  7 jackals
  6 kobolds
  3 bats
  A frilled lizard (D:2)
  6 rats
44 creatures vanquished.

Notes
Turn   | Place    | Note
-------+----------+-------------------------------------------
     0 | D:1      | pappabj0rn the Minotaur Monk began the quest for the Orb.
     0 | D:1      | Reached XP level 1. HP: 19/19 MP: 0/0
   189 | D:1      | Reached XP level 2. HP: 20/27 MP: 1/1
   609 | D:1      | Reached XP level 3. HP: 33/33 MP: 2/2
  1366 | D:2      | Reached XP level 4. HP: 34/40 MP: 3/3
  1507 | D:2      | Found a basalt altar of Yredelemnul.
  1518 | D:2      | Gained mutation: You are somewhat resistant to further mutation. [potion of mutation]
  1519 | D:2      | HP: 2/40 [gnoll/dagger (6)]
  1526 | D:2      | HP: 1/40 [poisoned by a kobold]
  1534 | D:2      | Succumbed to a kobold's poison

Skill      XL: |  1  2  3 |
---------------+----------+-----
Dodging        | 4 |  4.3
Long Blades    | 4 |  4.5
Fighting       | 4 |  4.1
Throwing       | |  0.8
Armour         | |  0.8
Stealth        | |  1.8

Action                   |  1- 3 |  4- 6 || total
-------------------------+-------+-------++-------
Melee: Falchion          |    73 |    10 ||    83
       Headbutt          |     9 |     4 ||    13
       Dagger            |       |     7 ||     7
Throw: Stone             |    16 |       ||    16
  Use: Scroll            |       |     2 ||     2
       Potion            |       |     2 ||     2
 Stab: Sleeping          |     1 |     1 ||     2
  Eat: Chunk             |     1 |     1 ||     2
       Bread ration      |       |     1 ||     1
Armor: Robe              |     7 |       ||     7
       Leather armour    |     5 |     8 ||    13
Dodge: Dodged            |    47 |    20 ||    67
       Rpst.: Falchion   |    13 |     1 ||    14
